 Dungeon Crawl Stone Soup version 0.21.0-25-ge575cb9ce8 (webtiles) character file.

231 KamiKatze the Charmwright (level 6, 0/50 HPs)
             Began as a Gnoll Skald on Jan 27, 2018.
             Slain by Edmund
             ... wielding a +1 flail of protection
              (3 damage)
             ... on level 4 of the Dungeon.
             The game lasted 00:14:37 (3002 turns).

KamiKatze the Charmwright (Gnoll Skald)             Turns: 3002, Time: 00:14:37

Health: 0/50       AC:  7    Str: 15    XL:     6   Next: 4%
Magic:  13/13      EV: 12    Int: 15    God:
Gold:   95         SH:  0    Dex: 14    Spells: 3/15 levels left

rFire    . . .     SeeInvis .   p - +1 war axe
rCold    . . .     Gourm    .   (no shield)
rNeg     . . .     Faith    .   r - +0 scale mail
rPois    .         Spirit   .   x - +0 helmet
rElec    .         Reflect  .   (no cloak)
rCorr    .         Harm     .   (no gloves)
MR       .....                  (no boots)
Stlth    +.........             l - amulet of magic regeneration
HPRegen  0.16/turn              m - +2 ring of dexterity
MPRegen  0.38/turn              e - -3 ring of dexterity (curse)

@: infused
A: distributed training, fangs 1, strong nose
a: no special abilities


You were on level 4 of the Dungeon.
You were not hungry.

You visited 1 branch of the dungeon, and saw 4 of its levels.

You collected 95 gold pieces.

Inventory:

Hand Weapons
 a - a +0 hand axe
 b - a +0 dagger
 p - a +1 war axe (weapon)
 s - a +3 mace
 t - a +0 halberd
 u - a +0 rapier
 w - a +2 trident of pain
 y - a +0 hunting sling
Missiles
 h - 32 stones (quivered)
 j - 16 sling bullets
 n - 15 poisoned needles
Armour
 r - a +0 scale mail (worn)
 x - a +0 helmet (worn)
Jewellery
 e - a cursed -3 ring of dexterity (right hand)
 l - an amulet of magic regeneration (around neck)
 m - a +2 ring of dexterity (left hand)
Wands
 o - a wand of paralysis (8)
Scrolls
 g - a scroll of magic mapping
 i - 2 scrolls of teleportation
 k - 7 scrolls of identify
Potions
 v - a potion of flight
Books
 c - a book of Battle

   Spells                             Type                      Level
   a - Infusion                       Charms                       1
   b - Shroud of Golubria             Charms/Translocation         2
   c - Song of Slaying                Charms                       2
   d - Spectral Weapon                Hexes/Charms                 3
   e - Regeneration                   Charms/Necromancy            3
 q - a book of Cantrips

   Spells                             Type                      Level
   a - Confusing Touch                Hexes                        1
   b - Animate Skeleton               Necromancy                   1
   c - Summon Small Mammal            Summoning                    1
   d - Apportation                    Translocation                1
Comestibles
 d - 10 rations
 f - 7 chunks of flesh


   Skills:
 + Level 4.9 Fighting
 + Level 1.7 Short Blades
 + Level 1.7 Long Blades
 + Level 4.9 Axes
 + Level 1.7 Maces & Flails
 + Level 1.7 Polearms
 + Level 1.7 Staves
 + Level 1.7 Slings
 + Level 1.7 Bows
 + Level 1.7 Crossbows
 + Level 1.7 Throwing
 + Level 3.1 Armour
 + Level 4.9 Dodging
 + Level 1.7 Stealth
 + Level 1.7 Shields
 + Level 1.7 Unarmed Combat
 + Level 5.2 Spellcasting
 + Level 1.3 Conjurations
 + Level 1.3 Hexes
 + Level 5.6 Charms
 + Level 1.3 Summonings
 + Level 1.3 Necromancy
 + Level 1.3 Translocations
 + Level 1.3 Transmutations
 + Level 1.3 Fire Magic
 + Level 1.3 Ice Magic
 + Level 1.3 Air Magic
 + Level 1.3 Earth Magic
 + Level 1.3 Poison Magic
 + Level 1.9 Invocations
 + Level 1.7 Evocations


You had 3 spell levels left.
You knew the following spells:

 Your Spells              Type           Power        Failure   Level  Hunger
a - Infusion              Chrm           ###.         6%          1    None
b - Song of Slaying       Chrm           ###.....     9%          2    ##.....
c - Shroud of Golubria    Chrm/Tloc      ##........   22%         2    ##.....
d - Regeneration          Chrm/Necr      ##........   41%         3    ###....
e - Spectral Weapon       Hex/Chrm       ##......     41%         3    ###....
f - Apportation           Tloc           #.....       34%         1    None


Dungeon Overview and Level Annotations

Branches:
Dungeon (4/15)
 Temple: D:4-7

Altars:
Kikubaaqudgha
Trog

Annotations:
D:4 Edmund, Menkaure


Innate Abilities, Weirdness & Mutations

Your experience applies equally to all skills.
You have very sharp teeth.
Your uncanny sense of smell can sniff out nearby items.


Message History

Edmund hits you with a flail of protection!
* * * LOW HITPOINT WARNING * * *
Unknown command.
Casting: Apportation
Confirm with . or Enter, or press ? or * to list all spells.
You begin infusing your attacks with magical energy.
Edmund looks more energetic.
Edmund drinks a potion.
Edmund goes berserk!
You slash Edmund! Your bite misses Edmund.
Edmund is lightly wounded.
Edmund barely misses you.
Edmund hits you with a flail of protection!
* * * LOW HITPOINT WARNING * * *
Your scale mail prevents you from hitting Edmund.
Edmund is lightly wounded.
Edmund barely misses you.
You slash Edmund!
Edmund is moderately wounded.
Edmund hits you with a flail of protection.
You die...

#.##.# ##.##.#
#.#######...#.#
..........#...#
######.#...###
#.##.## #.##.#
#.##.# #...@#
###.#.@##
#...#...#
#.#####.#
..#...#...#
#.###.#..##
.###....#
..###.#.# #.#
#.#.#


You could see Edmund (berserk).

Vanquished Creatures
  Ijyb (D:3)
  A worker ant (D:3)
  Robin (D:4)
  4 adders
  3 gnolls
  2 oozes (D:1)
  2 adder skeletons (D:4)
  A worm (D:2)
  2 dart slugs (D:1)
  A leopard gecko (D:1)
  4 orcs (D:3)
  2 giant cockroaches
  5 hobgoblins
  6 jackals
  8 kobolds
  2 quokkas
  2 ball pythons
  8 bats
  5 frilled lizards
  16 goblins
  6 rats
82 creatures vanquished.

Notes
Turn   | Place    | Note
-------+----------+-------------------------------------------
     0 | D:1      | KamiKatze the Gnoll Skald began the quest for the Orb.
     0 | D:1      | Reached XP level 1. HP: 20/20 MP: 6/6
   114 | D:1      | Reached XP level 2. HP: 16/26 MP: 7/7
   121 | D:1      | Learned a level 2 spell: Song of Slaying
   265 | D:1      | Reached XP level 3. HP: 15/31 MP: 9/9
   280 | D:1      | Reached skill level 5 in Spellcasting
   630 | D:1      | Reached skill level 1 in Invocations
   638 | D:1      | Learned a level 2 spell: Shroud of Golubria
   642 | D:1      | Learned a level 3 spell: Regeneration
   646 | D:1      | Learned a level 3 spell: Spectral Weapon
  1190 | D:2      | Reached skill level 1 in Short Blades
  1190 | D:2      | Reached skill level 1 in Long Blades
  1190 | D:2      | Reached skill level 1 in Maces & Flails
  1190 | D:2      | Reached skill level 1 in Polearms
  1190 | D:2      | Reached skill level 1 in Staves
  1190 | D:2      | Reached skill level 1 in Slings
  1190 | D:2      | Reached skill level 1 in Bows
  1190 | D:2      | Reached skill level 1 in Crossbows
  1190 | D:2      | Reached skill level 1 in Throwing
  1190 | D:2      | Reached skill level 1 in Stealth
  1190 | D:2      | Reached skill level 1 in Shields
  1190 | D:2      | Reached skill level 1 in Unarmed Combat
  1190 | D:2      | Reached skill level 1 in Evocations
  1215 | D:2      | Reached XP level 4. HP: 33/38 MP: 11/11
  1392 | D:3      | Found a bloodstained altar of Trog.
  1399 | D:3      | Found an ancient bone altar of Kikubaaqudgha.
  1830 | D:3      | Noticed Ijyb
  1839 | D:3      | Paralysed by Ijyb for 5 turns
  1848 | D:3      | Paralysed by Ijyb for 3 turns
  1855 | D:3      | Killed Ijyb
  1855 | D:3      | Reached skill level 1 in Conjurations
  1855 | D:3      | Reached skill level 1 in Hexes
  1855 | D:3      | Reached skill level 1 in Summonings
  1855 | D:3      | Reached skill level 1 in Necromancy
  1855 | D:3      | Reached skill level 1 in Translocations
  1855 | D:3      | Reached skill level 1 in Transmutations
  1855 | D:3      | Reached skill level 1 in Fire Magic
  1855 | D:3      | Reached skill level 1 in Ice Magic
  1855 | D:3      | Reached skill level 1 in Air Magic
  1855 | D:3      | Reached skill level 1 in Earth Magic
  1855 | D:3      | Reached skill level 1 in Poison Magic
  1855 | D:3      | Reached XP level 5. HP: 13/43 MP: 9/12
  2644 | D:3      | Learned a level 1 spell: Apportation
  2666 | D:4      | Noticed Robin
  2734 | D:4      | Noticed Menkaure
  2821 | D:4      | Killed Robin
  2841 | D:4      | Reached XP level 6. HP: 18/50 MP: 13/13
  2968 | D:4      | Noticed Edmund
  3002 | D:4      | Slain by Edmund

Skill      XL: |  1  2  3  4  5 |
---------------+----------------+-----
Spellcasting   | 5 |  5.2
Invocations    | 1 |  1.9
Short Blades   | 1 |  1.7
Long Blades    | 1 |  1.7
Maces & Flails | 1 |  1.7
Polearms       | 1 |  1.7
Staves         | 1 |  1.7
Slings         | 1 |  1.7
Bows           | 1 |  1.7
Crossbows      | 1 |  1.7
Throwing       | 1 |  1.7
Stealth        | 1 |  1.7
Shields        | 1 |  1.7
Unarmed Combat | 1 |  1.7
Evocations     | 1 |  1.7
Conjurations   | 1 |  1.3
Hexes          | 1 |  1.3
Summonings     | 1 |  1.3
Necromancy     | 1 |  1.3
Translocations | 1 |  1.3
Transmutations | 1 |  1.3
Fire Magic     | 1 |  1.3
Ice Magic      | 1 |  1.3
Air Magic      | 1 |  1.3
Earth Magic    | 1 |  1.3
Poison Magic   | 1 |  1.3
Armour         | 3 |  3.1
Fighting       | |  4.9
Axes           | |  4.9
Dodging        | |  4.9
Charms         | |  5.6

Action                   |  1- 3 |  4- 6 || total
-------------------------+-------+-------++-------
Melee: Hand axe          |   122 |   175 ||   297
       Bite              |    10 |    16 ||    26
       Punch             |     1 |     3 ||     4
       War axe           |       |    17 ||    17
 Cast: Infusion          |       |     6 ||     6
  Use: Scroll            |       |     4 ||     4
  Eat: Chunk             |     1 |     6 ||     7
Armor: Leather armour    |    16 |       ||    16
       Ring mail         |    12 |    10 ||    22
       Scale mail        |       |    57 ||    57
Dodge: Dodged            |    94 |   135 ||   229
